 Dungeon Crawl Stone Soup version 0.28-a0-500-g121bc3e445 (webtiles) character file.

Game seed: 5409205439871057737

200 siradein the Shield-Bearer (level 6, -2/48 HPs)
             Began as a Human Fighter on Sept 20, 2021.
             Succumbed to a scorpion's poison
             ... on level 4 of the Dungeon.
             The game lasted 00:08:22 (3270 turns).

siradein the Shield-Bearer (Human Fighter)          Turns: 3270, Time: 00:08:22

Health: -2/48      AC: 11    Str: 18    XL:     6   Next: 6%
Magic:  6/6        EV:  5    Int:  8    God:
Gold:   117        SH:  5    Dex: 13    Spells: 5/5 levels left

rFire   . . .      SeeInvis .   a - +0 long sword
rCold   . . .      Faith    .   c - +0 buckler
rNeg    . . .      Spirit   .   j - +0 plate armour
rPois   .          Reflect  .   (no helmet)
rElec   .          Harm     .   (no cloak)
rCorr   .          Rampage  .   (no gloves)
Will    .....                   (no boots)
Stlth   ..........              (no amulet)
HPRegen 0.16/turn               (no ring)
MPRegen 0.10/turn               (no ring)

@: mighty, lethally poisoned (-2 -> -17)
A: no striking features
a: no special abilities


You were on level 4 of the Dungeon.
You visited 1 branch of the dungeon, and saw 4 of its levels.

You collected 117 gold pieces.

Inventory:

Hand Weapons
 a - a +0 long sword (weapon)
Missiles
 e - 2 silver javelins
 i - 8 boomerangs (quivered)
 o - a throwing net
Armour
 c - a +0 buckler (worn)
 j - a +0 plate armour (worn)
Jewellery
 l - an amulet of faith
Scrolls
 b - 2 scrolls of teleportation {unknown}
 f - 2 scrolls of identify {unknown}
 k - a scroll of fog {unknown}
 q - a scroll of holy word {unknown}
Potions
 g - a potion of lignification {unknown}
 h - a potion of ambrosia
 m - a potion of cancellation {unknown}
 n - a potion of flight {unknown}
 p - a potion of haste {unknown}


   Skills:
 + Level 4.0 Fighting
 + Level 3.3 Long Blades
 + Level 4.0 Armour
 + Level 4.0 Shields


You had 5 spell levels left.
You didn't know any spells.
Your spell library contained the following spells:

 Spells                   Type           Power      Damage    Failure   Level
 Animate Skeleton         Necr           0%         N/A       100%        1
 Freeze                   Ice            0%         1d3       100%        1
 Pain                     Necr           0%         1d4       100%        1
 Frozen Ramparts          Ice            0%         1d2       100%        3
 Vampiric Draining        Necr           0%         2d6       100%        3
 Hailstorm                Conj/Ice       0%         3d3       100%        4
 Chain Lightning          Conj/Air       0%         N/A       100%        9
 Fire Storm               Conj/Fire      0%         5d1       100%        9
 Shatter                  Erth           0%         3d5*      100%        9


Dungeon Overview and Level Annotations

Branches:
Dungeon (4/15)
 Temple: D:4-7

Altars:
Nemelex Xobeh
Qazlal
Ru
Trog

Shops:
D:1 ?   D:2 :


Message History

You feel very sick.
The scorpion stings you but does no damage.
You feel very mighty all of a sudden.
You feel very sick. The scorpion completely misses you.
You closely miss the scorpion.
You feel very sick.
The scorpion stings you but does no damage. x2
You completely miss the scorpion.
You feel very sick.
The scorpion stings you but does no damage.
You bump into the rock wall.
You feel sick. The scorpion stings you.
You are more poisoned.
The scorpion poisons you!
You bump into the rock wall.
You feel very sick.
The scorpion stings you but does no damage.
The scorpion stings you.
You are lethally poisoned!
The scorpion poisons you!
You completely miss the scorpion.
You feel extremely sick. The scorpion stings you!
* * * LOW HITPOINT WARNING * * *
You are more poisoned.
The scorpion poisons you!
You closely miss the scorpion.
You feel less invigorated.
You feel less confused.
* * * LOW HITPOINT WARNING * * *
You feel extremely sick.
The scorpion stings you but does no damage.
The scorpion barely misses you.
You slash the scorpion!
The scorpion is heavily wounded.
* * * LOW HITPOINT WARNING * * *
You feel very sick. The scorpion barely misses you.
You barely miss the scorpion.
The scorpion is heavily wounded.
You die...

. #..#.# .#+###+#..#.#
.#.....#..#.#
.+.._..+..+.#
.#†....#..#.####
.#'###+#..#(...#####
.#.....#..#........>
#'##'##'##'.#.##########
....#.....#...ls@.......
....#.....#....#########
#'##+##+###....#
...............#
######.....#<..#
########.####..#
......... ...# ########
##.# ...# #.#


You could see a scorpion and an iguana.

Vanquished Creatures
  A phantom (D:3)
  5 adders
  An ufetubus (D:3)
  2 worms (D:2)
  4 dart slugs
  6 endoplasms
  A giant cockroach (D:2)
  9 goblins
  2 hobgoblins (D:2)
  7 jackals (D:1)
  5 kobolds
  2 quokkas
  4 ball pythons
  3 bats
  4 rats
56 creatures vanquished.

Notes
Turn   | Place    | Note
-------+----------+-------------------------------------------
     0 | D:1      | siradein the Human Fighter began the quest for the Orb.
     0 | D:1      | Reached XP level 1. HP: 18/18 MP: 1/1
    27 | D:1      | Found Anico's Magic Scroll Shop.
   190 | D:1      | Found a faded altar of an unknown god.
   200 | D:1      | Reached XP level 2. HP: 24/24 MP: 2/2
   563 | D:1      | Reached XP level 3. HP: 29/29 MP: 3/3
  1119 | D:2      | Found Qoteseim's Book Boutique.
  1327 | D:2      | Reached XP level 4. HP: 35/35 MP: 4/4
  2415 | D:3      | Reached XP level 5. HP: 42/42 MP: 5/5
  2739 | D:3      | Found a stormy altar of Qazlal.
  2740 | D:3      | Found a bloodstained altar of Trog.
  2748 | D:3      | Found a sacrificial altar of Ru.
  2894 | D:4      | Noticed a phantom
  2928 | D:3      | Killed a phantom
  2929 | D:3      | Reached XP level 6. HP: 9/48 MP: 6/6
  3206 | D:4      | Found a sparkling altar of Nemelex Xobeh.
  3269 | D:4      | HP: 1/48 [poisoned by a scorpion]
  3270 | D:4      | Succumbed to a scorpion's poison

Illustrated notes

Levels and vault maps discovered:
D:1:      lemuel_arrival_broad_hall, layout_rooms, serial_shops, shop_statue,
          hellmonk_ecumenical_altar_run_dry
D:2:      layout_loops_corners, serial_shops, nicolae_square_shop,
          grunt_decor_resistance, kennysheep_generic_room_13
D:3:      layout_basic, grunt_temple_overflow_diamond,
          chequers_serial_rivers_micro_d, st_stairs_5
D:4:      layout_basic, mainiacjoe_overflow_24_doors

Skill      XL: |  1  2  3  4  5 |
---------------+----------------+-----
Long Blades    | 3 |  3.3
Fighting       | 4 |  4.0
Armour         | 4 |  4.0
Shields        | 4 |  4.0

Action                   |  1- 3 |  4- 6 || total
-------------------------+-------+-------++-------
Melee: Long sword        |   103 |   113 ||   216
  Use: Potion            |       |     2 ||     2
Armor: Scale mail        |    44 |       ||    44
       Plate armour      |     7 |    92 ||    99
Dodge: Dodged            |    40 |    24 ||    64
Block: Buckler           |    20 |    29 ||    49

Table legend: (Time is in decaauts)
 A = Elapsed time spent in this place.
 B = Non-inter-level travel time spent in this place.
 C = Inter-level travel time spent in this place.
 D = Time resting spent in this place.
 E = Time spent auto-exploring this place.
 F = Levels seen in this place.
 G = Mean time per level.
                   A        B        C        D        E       F      G
               +--------+--------+--------+--------+--------+-----+--------+
         Total |   3333 |   3231 |    102 |    239 |   2454 |   4 |  833.2 |
       Dungeon |   3333 |   3231 |    102 |    239 |   2454 |   4 |  833.2 |
               +--------+--------+--------+--------+--------+-----+--------+

Top non-repeatable levels by time:
     D:2: 1324 daAuts
     D:3: 1020 daAuts
     D:1: 851 daAuts
     D:4: 137 daAuts
